Description

Banshee opener

Replay - Eastwatch LE TvT Cloaked banshee aggro opener

Build Order

Get SALT Encoding   

  12  0:01  SCV  
  13  0:13  SCV  
  14  0:17  Supply Depot  
  14  0:25  SCV  
  15  0:39  SCV  
  15  0:40  Barracks  
  16  0:46  Refinery  
  16  0:51  SCV  
  16  0:54  Refinery  
  17  1:03  SCV  
  18  1:15  SCV  
  19  1:29  Orbital Command, Marine  
  20  1:35  Factory  
  20  1:47  Marine  
  21  1:57  SCV  
  22  2:03  Supply Depot  
  22  2:12  SCV  
  23  2:21  Starport  
  23  2:25  SCV  
  23  2:28  Cyclone  
  27  2:33  Barracks Tech Lab  
  27  2:39  Supply Depot  
  29  3:01  Cyclone  
  33  3:07  Cloaking Field  
  33  3:10  Banshee  
  36  3:19  Barracks Reactor  
  38  3:42  Factory Tech Lab  
  38  3:47  Command Center  
  39  4:01  Supply Depot  
  39  4:07  Supply Depot  
  39  4:22  Banshee, Marine x2  
  39  4:23  Siege Tank  
  48  4:40  Marine x2  
  51  4:58  Marine x2  
  51  4:59  Siege Tank  
  57  5:05  Orbital Command  
  55  5:20  Marine x2  
  57  5:24  Banshee  
  66  5:54  Siege Tank  
  71  6:21  Refinery x2, Command Center  
  73  6:33  Siege Tank, Barracks  
  78  6:40  Starport Reactor  
  78  6:41  Barracks  
  78  6:42  Engineering Bay  
  75  6:57  Stimpack  
  75  7:08  Engineering Bay  
  77  7:21  Terran Infantry Weapons Level 1  
  79  7:34  Barracks Reactor  
  79  7:36  Siege Tank  
  79  7:37  Medivac x2  
  89  7:41  Orbital Command  
  93  7:46  Terran Infantry Armor Level 1  
  96  8:10  Siege Tank  
  110  8:42  Siege Tank  
Spawning Tool Build Advisor. Get it on Overwolf

Go to:

Details

  • Created by: NamelessOrder
  • Published on: May 06, 2018
  • Modified on: May 06, 2018
  • Patch: 4.0.0
Show
View Real Time Build Order
Export as new Build Order

Comments (0)

There are no comments. Be the first!

Create an account to comment!